Map: El Dorado

Players

Reynor

  • Race: Zerg Zerg
  • Spawn Location: 7:00

LiquidClem (Clem) - Winner!

  • Race: Terran Terran
  • League: Grandmaster
  • Spawn Location: 5:00

Event: HomeStory Cup XXVI

VOD

Have the link to the VOD?

Description

Time

  • Played on: Nov. 30, 2024, 11:52 a.m.
  • Length: 10:55

All games in this series

Show
View Real Time Build Order
Export as new Build Order

Reynor Zerg 

Build Orders: Hatch First 

Get SALT Encoding   

  12  0:00  Drone  
  13  0:08  Drone  
  13  0:14  Extractor  
  13  0:15  Drone  
  15  0:37  Hatchery  
  15  0:40  Extractor  
  15  0:41  Drone  
  15  0:48  Overlord  
  15  1:03  Spawning Pool  
  14  1:06  Drone  
  14  1:10  Drone  
  16  1:14  Drone  
  16  1:18  Drone  
  18  1:28  Drone  
  19  1:38  Drone  
  20  1:49  Queen x2  
  20  1:52  Drone  
  25  1:55  Drone  
  25  2:01  Overlord  
  26  2:04  Drone  
  27  2:11  Zergling x2  
  28  2:20  Drone  
  28  2:22  Drone x2  
  31  2:27  Spore Crawler  
  30  2:31  Queen  
  30  2:33  Overlord  
  30  2:36  Drone  
  33  2:46  Overlord  
  33  2:47  Drone  
  34  2:54  Drone x2  
  35  3:05  Drone x2, Queen  
  36  3:06  Drone x2  
  40  3:16  Hatchery, Overlord  
  40  3:18  Drone  
  40  3:19  Drone  
  41  3:21  Drone  
  41  3:24  Drone, Extractor  
  42  3:28  Drone  
  42  3:33  Queen  
  45  3:36  Zergling x2  
  46  3:41  Drone, Queen  
  46  3:46  Zergling x4  
  51  3:48  Evolution Chamber  
  51  3:52  Spore Crawler  
  48  3:55  Spore Crawler  
  48  3:59  Drone  
  49  4:03  Drone x2  
  49  4:04  Drone x2  
  52  4:10  Drone x2  
  52  4:12  Overlord  
  54  4:17  Drone x2  
  54  4:20  Queen  
  54  4:22  Drone  
  59  4:25  Drone  
  59  4:26  Overlord  
  60  4:33  Drone x4  
  60  4:38  Queen  
  66  4:41  Metabolic Boost  
  66  4:44  Drone x2  
  68  4:46  Drone  
  68  4:48  Drone  
  68  4:49  Drone  
  68  4:51  Drone x2  
  68  4:52  Drone  
  74  4:57  Drone  
  74  4:59  Drone x3  
  78  5:01  Extractor  
  78  5:03  Zergling x8  
  81  5:10  Overlord  
  81  5:12  Zergling x2  
  82  5:15  Overlord  
  82  5:17  Lair  
  82  5:21  Overlord  
  82  5:28  Queen, Overlord  
  82  5:30  Zergling x12  
  82  5:34  Drone, Baneling Nest  
  90  5:36  Queen  
  90  5:37  Spore Crawler, Zergling x4  
  90  5:42  Zergling x2  
  94  5:45  Hatchery  
  93  5:53  Drone x2  
  93  5:56  Evolution Chamber  
  93  5:57  Drone x4, Evolution Chamber  
  96  5:58  Overlord  
  96  6:03  Drone x2  
  96  6:04  Drone  
  100  6:07  Overlord  
  100  6:08  Drone x2  
  100  6:09  Drone  
  103  6:11  Drone  
  103  6:16  Drone x2  
  103  6:17  Centrifugal Hooks  
  103  6:18  Extractor  
  105  6:19  Extractor  
  105  6:20  Zergling x6, Extractor  
  106  6:26  Drone x2  
  106  6:27  Extractor  
  106  6:30  Zergling x2  
  107  6:33  Zergling x2, Spire  
  107  6:35  Queen  
  109  6:41  Zergling x4  
  108  6:48  Zergling x18  
  108  6:49  Hatchery, Zergling x2  
  108  6:54  Zergling x4  
  118  6:57  Baneling x2  
  118  6:58  Baneling x2  
  118  6:59  Zergling x4  
  118  7:00  Baneling x2  
  120  7:03  Drone x2  
  120  7:06  Zerg Ground Armor Level 1  
  120  7:08  Zerg Melee Weapons Level 1  
  122  7:09  Zergling x4  
  122  7:11  Drone  
  122  7:13  Baneling x6  
  125  7:17  Zergling x8  
  125  7:19  Queen  
  125  7:22  Baneling x3  
  131  7:24  Zergling x6  
  131  7:27  Overlord  
  134  7:34  Zergling x6  
  134  7:36  Overlord  
  135  7:40  Overlord  
  135  7:43  Drone  
  136  7:44  Overlord  
  136  7:55  Mutalisk x6  
  148  7:58  Zergling x8  
  148  8:02  Extractor  
  148  8:03  Mutalisk  
  148  8:04  Zergling x6  
  149  8:08  Zergling x2  
  149  8:10  Mutalisk  
  149  8:11  Zergling x6  
  149  8:12  Drone x4  
  150  8:14  Drone  
  150  8:15  Drone  
  150  8:16  Mutalisk  
  152  8:23  Overlord  
  152  8:35  Mutalisk x3  
  152  8:38  Zergling x22  
  169  8:41  Baneling  
  169  8:42  Baneling x4  
  169  8:43  Overlord  
  169  8:47  Overlord  
  165  8:49  Baneling x3  
  164  8:59  Overlord  
  162  9:07  Zergling x16  
  162  9:08  Zergling x2, Extractor  
  168  9:10  Baneling x2  
  168  9:11  Baneling x2, Overseer  
  168  9:14  Hatchery  
  167  9:20  Zergling x14  
  173  9:27  Baneling x9  
  173  9:33  Spore Crawler  
  173  9:34  Zergling x2  
  173  9:35  Zergling x10  
  173  9:39  Baneling x7  
  173  9:44  Zergling x10  
  171  9:52  Zergling x12  
  169  9:54  Zergling x4  
  169  9:58  Zergling x2  
  169  9:59  Zergling x4  
  157  10:02  Baneling x4  
  149  10:11  Zergling x18  
  144  10:24  Zergling x10  
  144  10:25  Zergling x2  
  122  10:36  Zergling x2  
  122  10:37  Zergling x8  
Show
View Real Time Build Order
Export as new Build Order

LiquidClem Terran - Winner!

Build Orders: Reaper Expand 

Get SALT Encoding   

  12  0:00  SCV  
  13  0:12  SCV  
  14  0:17  Supply Depot  
  14  0:24  SCV  
  15  0:39  SCV  
  15  0:40  Barracks  
  16  0:44  Refinery  
  16  0:51  SCV  
  17  1:03  SCV  
  18  1:15  SCV  
  19  1:27  Orbital Command, Reaper  
  20  1:42  Command Center  
  20  1:53  Supply Depot, SCV  
  21  1:59  Marine  
  22  2:05  SCV  
  23  2:17  SCV, Factory  
  23  2:21  Barracks Reactor  
  24  2:29  SCV  
  25  2:41  Command Center  
  25  2:43  SCV  
  26  2:55  Orbital Command, SCV  
  27  3:07  Hellion x2  
  27  3:09  Barracks Tech Lab  
  27  3:10  SCV  
  32  3:21  SCV, Barracks  
  32  3:24  SCV  
  34  3:27  Marine  
  34  3:30  Hellion  
  39  3:34  Hellion  
  39  3:36  SCV  
  39  3:37  SCV  
  39  3:41  Stimpack  
  41  3:45  Refinery  
  41  3:48  SCV, Marine  
  42  3:49  SCV  
  44  3:56  SCV  
  44  4:00  SCV  
  44  4:01  SCV  
  44  4:10  Orbital Command, Marine  
  44  4:12  SCV  
  44  4:13  Factory Reactor  
  44  4:14  Starport  
  44  4:18  Supply Depot, SCV  
  44  4:22  Marine x2  
  47  4:24  SCV  
  47  4:28  Marine  
  47  4:30  SCV  
  50  4:35  SCV  
  50  4:36  SCV  
  52  4:39  Marine  
  52  4:40  Marine  
  52  4:41  Supply Depot  
  52  4:43  SCV  
  52  4:45  Marine, Refinery  
  55  4:47  SCV, Engineering Bay x2  
  55  4:50  SCV  
  58  4:56  SCV  
  58  4:57  Marine x2  
  58  4:59  SCV  
  62  5:00  Factory Tech Lab  
  62  5:02  Medivac x2  
  62  5:03  Marine  
  62  5:04  SCV  
  62  5:05  Supply Depot  
  68  5:08  SCV  
  68  5:10  Refinery  
  68  5:13  Terran Infantry Weapons Level 1  
  69  5:14  Barracks  
  69  5:15  Marine  
  69  5:18  Orbital Command, SCV  
  71  5:21  Marine  
  71  5:24  SCV, Terran Infantry Armor Level 1  
  71  5:27  Supply Depot  
  71  5:28  Marine  
  73  5:30  SCV  
  75  5:36  Combat Shield, SCV  
  75  5:38  Supply Depot, Marine  
  75  5:42  SCV, Marine  
  78  5:44  SCV  
  78  5:46  Marine  
  78  5:48  SCV, Siege Tank  
  85  5:53  Barracks  
  85  5:54  SCV  
  85  5:55  Barracks  
  85  5:56  SCV  
  85  5:57  Supply Depot, Marine  
  87  6:00  SCV, Marine  
  87  6:03  Starport Reactor  
  87  6:04  Marine  
  90  6:06  SCV  
  90  6:07  Supply Depot  
  90  6:08  SCV  
  93  6:12  SCV  
  93  6:13  Marine x2  
  93  6:14  Supply Depot  
  93  6:15  Marine  
  93  6:18  SCV, Marine  
  98  6:20  Siege Tank  
  98  6:21  Supply Depot, Marine  
  98  6:22  SCV  
  98  6:24  SCV  
  105  6:29  Factory  
  105  6:30  Supply Depot, SCV  
  105  6:31  Refinery  
  106  6:35  Marine x2, Armory  
  106  6:37  SCV x2  
  110  6:41  Barracks Reactor  
  110  6:42  Supply Depot  
  110  6:45  Barracks Reactor  
  110  6:46  Marine, Medivac  
  111  6:47  Medivac  
  111  6:48  Marine  
  111  6:49  SCV  
  111  6:52  SCV, Marine  
  111  6:53  Marine  
  118  6:55  SCV  
  118  6:58  Supply Depot, Marine  
  120  7:02  Supply Depot  
  120  7:03  Marine  
  120  7:05  SCV x2  
  120  7:06  Marine  
  120  7:07  SCV  
  125  7:10  Marine  
  125  7:11  Marine  
  127  7:16  Supply Depot, Marine, Medivac  
  127  7:17  SCV x2  
  127  7:18  Marine  
  127  7:19  Factory Reactor  
  127  7:21  Marine  
  134  7:23  Marine  
  134  7:24  Marine x3  
  134  7:29  Supply Depot x2  
  139  7:30  Widow Mine  
  139  7:31  Marine, Medivac  
  139  7:34  Marine  
  139  7:36  Marine  
  142  7:39  Marine  
  142  7:41  Marine x2  
  142  7:42  Marine x2  
  142  7:43  Concussive Shells, Drilling Claws  
  146  7:45  Terran Infantry Weapons Level 2  
  146  7:47  Terran Infantry Armor Level 2  
  146  7:49  Supply Depot  
  146  7:50  Marine  
  147  7:58  Command Center  
  146  8:00  Widow Mine x2  
  146  8:03  Marine x3  
  146  8:04  Marine  
  152  8:06  Marine x2  
  152  8:08  Supply Depot, Marine, Widow Mine  
  152  8:10  Marine  
  152  8:12  Marine  
  149  8:19  Liberator  
  151  8:20  Liberator  
  151  8:21  Marine x3  
  151  8:22  Missile Turret, Widow Mine  
  151  8:24  Marine  
  160  8:27  Widow Mine  
  160  8:30  Marine x2  
  160  8:31  Marine x2, Missile Turret  
  166  8:34  Missile Turret  
  166  8:38  Marine, Widow Mine  
  166  8:39  Marine x2  
  171  8:47  Marine  
  171  8:48  Marine  
  172  8:54  Widow Mine x2  
  174  8:56  Sensor Tower  
  174  8:59  Barracks  
  174  9:00  Marine  
  174  9:01  Marine x2  
  174  9:02  Barracks, Medivac  
  179  9:04  Barracks  
  179  9:06  Marine  
  179  9:07  Marine, Widow Mine  
  183  9:10  Marine, Missile Turret  
  183  9:11  Supply Depot  
  183  9:12  Marine x2  
  183  9:14  Marine  
  183  9:15  Widow Mine  
  189  9:20  Widow Mine  
  189  9:22  Marine x3  
  194  9:24  Marine  
  194  9:28  Missile Turret  
  194  9:29  Marine x2, Widow Mine  
  199  9:38  Widow Mine  
  199  9:45  Orbital Command  
  198  9:47  Marine x7, Widow Mine  
  199  9:54  Marine x2  
  199  9:56  Barracks Tech Lab x2  
  199  9:57  Marine  
  194  10:02  Command Center  
  194  10:06  Marine x4, Widow Mine  
  193  10:07  Marine x2  
  193  10:08  Marine  
  193  10:12  Marine  
  193  10:15  Marauder  
  193  10:17  Widow Mine  
  195  10:24  Marine  
  195  10:25  Marauder  
  195  10:27  Marine  
  195  10:28  Widow Mine  
  192  10:29  Marine  
  192  10:31  Marine  
  192  10:32  Marine x2  
Tags
 
Add a new tag
Caveats
  • Supply blocks, unpowered buildings, or Contaminate may cause inaccurate times.
  • Supply counts are checked every 10 seconds.